 Dungeon Crawl Stone Soup version 0.21.1-1-g345015f (webtiles) character file.

32 inc the Vexing (level 3, 14/14 HPs)
             Began as a Felid Enchanter on Feb 21, 2018.
             Quit the game on level 3 of the Dungeon.
             The game lasted 00:04:34 (2835 turns).

inc the Vexing (Felid Enchanter)                    Turns: 2835, Time: 00:04:34

Health: 14/14      AC:  1    Str:  4    XL:     3   Next: 8%
Magic:  7/7        EV: 18    Int: 17    God:
Gold:   96         SH:  0    Dex: 16    Spells: 3/6 levels left
                                        Lives:  0   Deaths: 1

rFire    . . .     SeeInvis +     - Unarmed
rCold    . . .     Gourm    .   (shield unavailable)
rNeg     . . .     Faith    .   (armour unavailable)
rPois    .         Spirit   .   (helmet unavailable)
rElec    .         Reflect  .   (cloak unavailable)
rCorr    .         Harm     .   (gloves unavailable)
MR       .....                  (boots unavailable)
Stlth    +++.......             (no amulet)
HPRegen  0.04/turn              (no ring)
MPRegen  0.10/turn              (no ring)

@: quick
A: very small, no armour, no weapons or thrown items, stealth, claws 1, fangs 3,
see invisible, carnivore, speed 1, shaggy fur 1, slow metabolism 1, sharp paws
a: no special abilities


You were on level 3 of the Dungeon.
You were not hungry.

You visited 1 branch of the dungeon, and saw 3 of its levels.

You collected 96 gold pieces.

Inventory:

Scrolls
 c - a scroll of random uselessness {unknown}
 d - 4 scrolls of remove curse {unknown}
 g - a scroll of identify {unknown}
 h - a scroll of enchant weapon {unknown}
 k - a scroll of enchant armour {unknown}
 l - a scroll of magic mapping {unknown}
Potions
 e - a potion of ambrosia {unknown}
 f - 2 potions of curing {unknown}
 i - a potion of flight {unknown}
 j - 2 potions of agility {unknown}
Books
 a - a book of Maledictions

   Spells                             Type                      Level
   a - Corona                         Hexes                        1
   b - Ensorcelled Hibernation        Hexes/Ice                    2
   c - Confuse                        Hexes                        3
   d - Tukima's Dance                 Hexes                        3
   e - Dazzling Spray                 Conjuration/Hexes            3
Comestibles
 b - 7 rations


   Skills:
 - Level 2.8 Dodging
 - Level 4.3 Stealth
 + Level 3.5 Unarmed Combat
 - Level 2.1 Spellcasting
 - Level 4.5 Hexes


You had 3 spell levels left.
You knew the following spells:

 Your Spells              Type           Power        Failure   Level  Hunger
a - Corona                Hex            ###....      3%          1    #......
b - Ensorcelled Hibernat  Hex/Ice        #.....       11%         2    ###....


Dungeon Overview and Level Annotations

Branches:
Dungeon (3/15)

Altars:
Zin

Annotations:
D:3 Mirai's ghost, amateur DsBe


Innate Abilities, Weirdness & Mutations

You cannot wear armour.
You are incapable of wielding weapons or throwing items.
Your paws allow you to move quietly. (Stealth)
You have sharp claws.
You have razor-sharp teeth.
You have supernaturally acute eyesight. (SInv)
You are carnivorous and can eat meat at any time.
You cover ground quickly.
You are covered in fur. (AC +1)
You have a slow metabolism.
Your sharp claws are effective at attacking unaware monsters.


Message History

The orc wizard is heavily wounded.
The orc wizard completely misses you. The orc wizard closely misses you.
You completely miss the orc wizard.
The orc wizard is heavily wounded.
The orc wizard hits you with a dagger.
* * * LOW HITPOINT WARNING * * *
You closely miss the orc wizard.
The orc wizard is heavily wounded.
The orc wizard completely misses you.
You scratch the orc wizard.
The orc wizard is heavily wounded.
The orc wizard misses you.
The orc wizard points at you and mumbles some strange words.
The magic dart hits you!
You die...
You are now level 3!
You rejoin the land of the living...
Found a lumpy brown potion.
Unknown command.
Are you sure you want to abandon this character and quit the game? (Confirm with "yes".) ########## #.@......# #!######.. #. #. #. #. #. #.

There were no monsters in sight!

Vanquished Creatures
  4 adders
  A dart slug (D:1)
  A leopard gecko (D:1)
  A bat (D:1)
  A giant cockroach (D:1)
  6 goblins
  5 hobgoblins
  6 jackals (D:2)
  A kobold (D:2)
  A ball python (D:1)
  A frilled lizard (D:1)
  6 rats
34 creatures vanquished.

Notes
Turn   | Place    | Note
-------+----------+-------------------------------------------
     0 | D:1      | inc the Felid Enchanter began the quest for the Orb.
     0 | D:1      | Reached XP level 1. HP: 7/7 MP: 4/4
   142 | D:1      | Reached XP level 2. HP: 6/11 MP: 6/6
   957 | D:1      | Learned a level 2 spell: Ensorcelled Hibernation
  1307 | D:1      | You fall through a shaft!
  1328 | D:2      | Reached XP level 3. HP: 6/14 MP: 0/7
  1483 | D:2      | Found a glowing silver altar of Zin.
  2778 | D:3      | Noticed Mirai's ghost (amateur DsBe)
  2818 | D:3      | Reached XP level 4. HP: 13/18 MP: 5/8
  2834 | D:3      | Killed from afar by an orc wizard
  2835 | D:3      | Reached XP level 3. HP: -2/14 MP: 2/7
  2835 | D:3      | Quit the game

Skill      XL: |  1  2  3 |
---------------+----------+-----
Unarmed Combat | 2 3 |  3.5
Dodging        | |  2.8
Stealth        | |  4.3
Spellcasting   | |  2.1
Hexes          | |  4.5

Action                   |  1- 3 |  4- 6 || total
-------------------------+-------+-------++-------
Melee: Unarmed           |    91 |     6 ||    97
       Bite              |     7 |       ||     7
 Cast: Ensorcelled Hiber |    24 |     2 ||    26
 Stab: Sleeping          |    19 |       ||    19
  Eat: Chunk             |     7 |       ||     7
Armor: Skin              |     3 |       ||     3
Dodge: Dodged            |    81 |     8 ||    89
